 Dungeon Crawl Stone Soup version 0.29-a0-96-g93358da72b (webtiles) character file.

Game seed: 6230223390062824258

105 cyrus the Poker (level 4, 0/37 HPs)
             Began as a Merfolk Fighter on Feb 11, 2022.
             Was a Believer of Qazlal.
             Slain by an orc (1 damage)
             ... on level 3 of the Dungeon on Feb 12, 2022.
             The game lasted 00:04:25 (2279 turns).

cyrus the Poker (Merfolk Fighter)                   Turns: 2279, Time: 00:04:28

Health: 0/37       AC:  6    Str: 16    XL:     4   Next: 83%
Magic:  2/4        EV:  9    Int:  9    God:    Qazlal [**....]
Gold:   87         SH:  0    Dex: 13    Spells: 3/3 levels left

rFire   . . .      SeeInvis .   a - +0 trident
rCold   . . .      Faith    .   c - +0 buckler
rNeg    . . .      Spirit   .   b - +0 scale mail
rPois   .          Reflect  .   (no helmet)
rElec   .          Harm     .   (no cloak)
rCorr   .          Rampage  .   (no gloves)
Will    .....                   (no boots)
Stlth   ..........              (no amulet)
HPRegen 0.12/turn               (no ring)
MPRegen 0.09/turn               (no ring)

@: confused
A: (nimble swimmer 2), mertail
a: Renounce Religion, Upheaval


You were on level 3 of the Dungeon.
You worshipped Qazlal.
Qazlal was pleased with you.
You visited 1 branch of the dungeon, and saw 3 of its levels.

You collected 87 gold pieces.

Inventory:

Hand Weapons
 a - a +0 trident (weapon)
Armour
 b - a +0 scale mail (worn)
 c - a +0 buckler (worn)
Jewellery
 g - a +6 ring of dexterity
 i - a ring of flight
Scrolls
 f - a scroll of magic mapping {unknown}
 k - a scroll of holy word {unknown}
 l - 2 scrolls of identify {unknown}
Potions
 d - a potion of magic {unknown}
 e - 2 potions of curing {unknown}
 h - a potion of lignification {unknown}
 j - a potion of mutation {unknown}


   Skills:
 + Level 4.0 Fighting
 + Level 4.6 Polearms
 + Level 2.7 Armour
 + Level 0.7 Dodging
 + Level 1.1 Stealth
 + Level 3.3 Shields


You had 3 spell levels left.
You didn't know any spells.
Your spell library was empty.

Dungeon Overview and Level Annotations

Branches:
Dungeon (3/15)

Altars:
Qazlal


Innate Abilities, Weirdness & Mutations

((You are very nimble when in or above water. (Stealth+, EV+, Speed+++)))
Your lower body shifts to a powerful aquatic tail in water.


Message History

The orc hits you but does no damage. The orc closely misses you.
Something hits you but does no damage. The orc hits you but does no damage.
You miss something. The orc hits you but does no damage.
You hear some strange, mumbled words.
A puff of flame appears from out of thin air!
The puff of flame hits you. The orc closely misses you.
You miss something.
An endoplasm comes into view.
The orc closely misses you. Something hits you but does no damage.
The orc hits you but does no damage.
You miss something.
The endoplasm quivers.
The orc hits you from afar with a +0 trident.
Something hits you.
The orc hits you with a +0 dagger of protection.
You barely miss something.
You feel less confused. The orc misses you.
You hear some strange, mumbled words.
A puff of flame appears from out of thin air!
The puff of flame hits you!
* * * LOW HITPOINT WARNING * * *
You block the orc's attack.
You hit something. You block the orc's attack.
Something hits you but does no damage. The orc hits you but does no damage.
You block the orc's attack.
You closely miss something. Something hits you but does no damage.
The orc barely misses you. x2
You hear some strange, mumbled words.
You are confused.
Unknown command.
You hit the orc but do no damage.
The orc hits you with a +0 dagger of protection.
* * * LOW HITPOINT WARNING * * *
The orc hits you but does no damage. Something hits you.
* * * LOW HITPOINT WARNING * * *
You feel your power leaking away.
The orc hits you with a +0 dagger of protection.
You die...

...# ...# ..# ###### #.# #....#
.... #.######....# ...
#.J....#....# .. #########
#oo....#....# .## #.......#
#.o....#....#######
..###.......###☼@....#....#.....#
................................>
>.†...........#.......#####.....#
....#.......#.#.).....# #.....#
....#.......#.#.#####.# #.....#
....#.......#...#####.# #######
....#..............(#.#
....###.............#.# ....#
#..........)..#.#


You could see 3 orcs and an endoplasm.

Vanquished Creatures
  4 adders
  3 worms
  A dart slug (D:3)
  An orc (D:3)
  2 bats (D:2)
  6 endoplasms
  6 giant cockroaches
  3 goblins
  2 hobgoblins
  3 jackals (D:1)
  2 quokkas
  9 ball pythons
  2 frilled lizards
  7 kobolds
  3 rats
54 creatures vanquished.

Notes
Turn   | Place    | Note
-------+----------+-------------------------------------------
     0 | D:1      | cyrus the Merfolk Fighter began the quest for the Orb.
     0 | D:1      | Reached XP level 1. HP: 18/18 MP: 1/1
   378 | D:1      | Reached XP level 2. HP: 24/24 MP: 2/2
   916 | D:1      | Found a faded altar of an unknown god.
   919 | D:1      | Reached XP level 3. HP: 30/30 MP: 3/3
   931 | D:1      | Prayed at the altar of an unknown god.
   931 | D:1      | Became a worshipper of Qazlal Stormbringer
   931 | D:1      | Reached * piety under Qazlal
  1318 | D:2      | Reached skill level 1 in Stealth
  1461 | D:2      | Reached XP level 4. HP: 30/37 MP: 4/4
  2076 | D:3      | Reached ** piety under Qazlal
  2279 | D:3      | HP: 1/37 [something (3)]
  2279 | D:3      | Slain by an orc

Illustrated notes

Levels and vault maps discovered:
D:1:      saegor_arrival_fortress, layout_rooms,
          ebering_ecumenical_altar_sacrificial
D:2:      layout_rooms, hangedman_decor_growths
D:3:      layout_basic, minmay_box_of_dots

Skill      XL: |  1  2  3  4 |
---------------+-------------+-----
Stealth        | 1 |  1.1
Polearms       | 4 |  4.6
Fighting       | 4 |  4.0
Armour         | |  2.7
Dodging        | |  0.7
Shields        | |  3.3

Action                   |  1- 3 |  4- 6 || total
-------------------------+-------+-------++-------
Melee: Trident           |    98 |    68 ||   166
  Use: Potion            |     1 |       ||     1
Armor: Scale mail        |    61 |    29 ||    90
Dodge: Dodged            |    49 |    39 ||    88
Block: Buckler           |    40 |    25 ||    65

Table legend: (Time is in decaauts)
 A = Elapsed time spent in this place.
 B = Non-inter-level travel time spent in this place.
 C = Inter-level travel time spent in this place.
 D = Time resting spent in this place.
 E = Time spent auto-exploring this place.
 F = Levels seen in this place.
 G = Mean time per level.
                   A        B        C        D        E       F      G
               +--------+--------+--------+--------+--------+-----+--------+
         Total |   2289 |   2289 |      0 |    356 |   1375 |   3 |  763.0 |
       Dungeon |   2289 |   2289 |      0 |    356 |   1375 |   3 |  763.0 |
               +--------+--------+--------+--------+--------+-----+--------+

Top non-repeatable levels by time:
     D:1: 995 daAuts
     D:2: 724 daAuts
     D:3: 569 daAuts
